AoeStats
← Mark The Shark

Arabia

503868221Analyzed
2v2 RM · 29d ago on Sep 2, 2026· 40m 22s· 4 players
Game mode
Random Map
Map size
Medium (4 player)
Population
200
Speed
Normal
Resources
Standard
Victory
Conquest
Starting age
Dark Age
Ending age
Imperial Age
RankedLock teamsTeams togetherTeam positionsShared explorationLock speedFull tech treeHidden civsTurbo modeCheats
Victory
Defeat
🇳🇴 Franks · Norway
1058
+13
🇳🇴 Magyars · Norway
929
+18
🇮🇳 Japanese · India
1000
-49
🇩🇪 Ethiopians · Germany
963
-15
Dr Hitman
16:01 Feudal Age
17:44 Horse Collar
19:03 Double-Bit Axe
23:19 Castle Age
23:52 Pikeman
25:24 Man-at-Arms
Denver18780
6:35 Loom
10:27 Feudal Age
12:23 Wheelbarrow
13:38 Horse Collar
18:32 Castle Age
18:09 Double-Bit Axe
18:53 Crossbowman
20:17 Gold Mining
26:14 Bow Saw
29:38 Heavy Plow
32:14 Gold Shaft Mining
32:19 Scale Barding Armor
34:05 Chain Barding Armor
34:14 Ballistics
36:10 Hand Cart
35:54 Fletching
38:28 Forging
Mark The Shark
9:42 Loom
12:05 Feudal Age
17:08 Castle Age
15:51 Scale Barding Armor
15:57 Forging
15:59 Double-Bit Axe
20:09 Husbandry
26:30 Iron Casting
28:18 Chain Barding Armor
28:43 Town Watch
37:06 Imperial Age
34:55 Fletching
35:45 Wheelbarrow
38:57 Blast Furnace
38:33 Plate Barding Armor
37:21 Cavalier
Rømmern
1:00 Loom
11:21 Feudal Age
18:21 Double-Bit Axe
19:50 Bloodlines
25:46 Castle Age
26:08 Scale Mail Armor
25:36 Man-at-Arms
31:56 Horse Collar
35:12 Imperial Age
32:07 Long Swordsman
34:06 Pikeman
37:06 Arson
36:44 Halberdier
38:32 Conscription
39:05 Bow Saw
Connection lost

Rejoining the realm…

Still unreachable

The connection could not be restored.

Session expired

The server has moved on; the page needs a fresh start.